AoeStats
← b站江条

Arabia

509832358Analyzed
1v1 RM · 4d ago on Sep 28, 2026· 53m 31s· 2 players
Game mode
Random Map
Map size
Tiny (2 player)
Population
200
Speed
Normal
Resources
Standard
Victory
Conquest
Starting age
Dark Age
Ending age
Imperial Age
RankedLock teamsTeams togetherTeam positionsShared explorationLock speedFull tech treeHidden civsTurbo modeCheats
Victory
Defeat
🇨🇱 Spanish · Chile
1312
+18
🇨🇳 Franks · China
1347
-18
Sin H.
6:06 Loom
9:13 Feudal Age
11:02 Double-Bit Axe
10:57 Horse Collar
16:51 Wheelbarrow
20:55 Castle Age
19:53 Bloodlines
20:20 Scale Barding Armor
20:11 Gold Mining
21:08 Forging
22:11 Bow Saw
22:53 Heavy Plow
24:07 Husbandry
24:43 Chain Barding Armor
25:21 Fletching
29:23 Bodkin Arrow
32:29 Redemption
32:57 Fervor
33:07 Sanctity
33:33 Inquisition
35:46 Stone Mining
36:22 Hand Cart
39:31 Imperial Age
36:40 Pikeman
37:21 Squires
37:23 Scale Mail Armor
37:26 Arson
38:57 Chain Mail Armor
39:17 Iron Casting
40:00 Halberdier
41:11 Plate Mail Armor
42:12 Supremacy
42:13 Conscription
43:05 Blast Furnace
41:52 Cavalier
41:53 Light Cavalry
42:57 Block Printing
42:48 Devotion
43:04 Bracer
44:41 Plate Barding Armor
43:37 Hussar
49:03 Illumination
50:05 Elite Conquistador
52:50 Cavalier
54:36 Hoardings
b站江条
0:25 Loom
10:38 Feudal Age
11:15 Double-Bit Axe
21:27 Castle Age
19:45 Gold Mining
21:14 Wheelbarrow
22:04 Scale Barding Armor
22:28 Bow Saw
23:04 Gold Shaft Mining
27:00 Chain Barding Armor
27:39 Husbandry
31:59 Hand Cart
35:39 Imperial Age
35:17 Stone Mining
36:55 Town Watch
37:08 Cavalier
38:13 Conscription
38:46 Devotion
41:46 Chemistry
40:35 Paladin
42:25 Chivalry
43:08 Treadmill Crane
46:05 Town Patrol
49:39 Hoardings
50:21 Plate Barding Armor
49:57 Forging
52:37 Iron Casting
Connection lost

Rejoining the realm…

Still unreachable

The connection could not be restored.

Session expired

The server has moved on; the page needs a fresh start.